 Dungeon Crawl Stone Soup version bcrawl-1.39.1 (webtiles) character file.

Game seed: 5636241073259193638

389426 Lazarus1551 the Thaumaturge (level 12, -9/68 HPs)
             Began as a Gargoyle Earth Elementalist on Sept 14, 2023.
             Was a Believer of the Shining One.
             Mangled by a torpor snail (14 damage)
             ... on level 3 of the Lair of Beasts on Sept 16, 2023.
             The game lasted 00:47:15 (13223 turns).

Lazarus1551 the Thaumaturge (GrEE)                 Turns: 13223, Time: 00:47:15

Health: -9/68      AC: 15    Str: 17    XL:     12   Next: 65%
Magic:  27/27      EV: 16    Int: 18    God:    the Shining One [**....]
Gold:   1058       SH:  7    Dex: 16    Spells: 9/34 levels left

rFire    . . .     GDR:     37% n - +5 long sword "Farawoul" {holy, rN+ MR+ Str+3}
rCold    . . .     SeeInvis .   (no shield)
rNeg     + + +     Gourm    .   q - +1 robe {RegenMP}
rPois    ∞         Faith    .   d - +0 helmet
rElec    +         Spirit   .   (no cloak)
rCorr    .         Reflect  .   l - +0 pair of gloves
MR       +....                  s - +1 pair of boots
Stlth    +.........             k - amulet of regeneration
HPRegen  1.02/turn              h - ring of positive energy
MPRegen  0.40/turn              E - +5 ring of dexterity

@: divine shield, swift, silence, marked, flying, slowed, glowing
A: negative energy resistance 1, electricity resistance, partial torment
resistance, unbreathing, petrification resistance, rot immunity, AC +8
a: Renounce Religion


You were on level 3 of the Lair of Beasts.
You worshipped the Shining One.
The Shining One was pleased with you.
You were hungry.

You visited 3 branches of the dungeon, and saw 14 of its levels.
You also visited: Sewer.

You collected 1070 gold pieces.
You spent 12 gold pieces at shops.

Inventory:

Hand Weapons
 n - the +5 long sword "Farawoul" (weapon) {holy, rN+ MR+ Str+3}
   (You found it on level 4 of the Dungeon)

   It has been blessed by the Shining One to cause great damage to the undead
   and demons.
   It affects your strength (+3).
   It protects you from negative energy.
   It affects your resistance to hostile enchantments.
Missiles
 b - 1325 stones
 H - 386 poisoned tomahawks (quivered)
 I - a throwing net {=f}
Armour
 d - a +0 helmet (worn)
 l - a +0 pair of gloves (worn)
 q - a +1 robe of magic recovery (worn)
 s - a +1 pair of boots (worn)
Jewellery
 h - a ring of positive energy (left hand)
 k - an amulet of regeneration (around neck)
 y - an uncursed amulet of guardian spirit
 E - a +5 ring of dexterity (right hand)
Wands
 w - a wand of acid (4)
 D - a wand of flame (9)
 J - a wand of random effects (9)
 L - a wand of paralysis (10)
Scrolls
 c - 2 scrolls of remove curse
 i - 4 scrolls of identify
 p - 5 scrolls of teleportation
 r - 2 scrolls of enchant armour
 t - a scroll of fog
 v - 2 scrolls of revelation
 A - 4 scrolls of amnesia
 F - a scroll of enchant weapon
Potions
 a - a potion of brilliance
 f - 2 potions of curing
 g - a potion of flight
 j - 4 potions of lignification
 m - 3 potions of might
 o - a potion of ambrosia {unknown}
 x - a potion of invisibility {unknown}
 B - 4 potions of mutation
 G - 2 potions of haste {unknown}
Miscellaneous
 C - a phantom mirror
Comestibles
 e - 19 rations {!d}


   Skills:
 * Level 4.9 Fighting
 - Level 3.1 Long Blades
 + Level 0.5 Throwing
 + Level 6.6 Dodging
 - Level 4.0 Stealth
 - Level 1.8 Unarmed Combat
 + Level 11.8 Spellcasting
 + Level 2.0 Conjurations
 + Level 4.4 Charms
 + Level 6.7 Transmutations
 + Level 2.3 Ice Magic
 + Level 9.4 Earth Magic
 + Level 1.2 Invocations
 + Level 0.3 Evocations


You had 9 spell levels left.
You knew the following spells:

 Your Spells              Type           Power        Failure   Level  Hunger
a - Sandblast             Erth           #####.       1%          1    None
b - Song of Slaying       Chrm           ####....     1%          2    None
c - Ozocubu's Armour      Chrm/Ice       ###.....     4%          3    None
d - Passwall              Tmut/Erth      #####...     1%          2    None
e - Swiftness             Chrm/Air       ###.....     4%          2    None
f - Stone Arrow           Conj/Erth      ####..       1%          3    None
g - Lee's Rapid Deconstr  Erth           #####.....   3%          5    ###....
h - Spectral Weapon       Hex/Chrm       ###.....     8%          3    None
i - Petrify               Tmut/Erth      #####.....   2%          4    None

Your spell library contained the following spells:

 Spells                   Type           Power        Failure   Level  Hunger
 Infusion                 Chrm           ####....     1%          1    None
 Apportation              Tloc           ##....       7%          1    None
 Corona                   Hex            ##.....      7%          1    None
 Slow                     Hex            ##......     7%          1    None
 Summon Butterflies       Summ           ##......     7%          1    None
 Regeneration             Chrm/Necr      ###.......   8%          3    None
 Shackle                  Hex            ##......     10%         2    None
 Yara's Violent Unravell  Hex/Tmut       ###.......   17%         4    None
 False Image              Hex/Summ       ##......     21%         3    None
 Inner Flame              Hex/Fire       N/A          21%         3    None
 Cause Fear               Hex            ##........   54%         4    None


Dungeon Overview and Level Annotations

Branches:
Dungeon (10/12)            Temple (1/1) D:4            Lair (3/6) D:9
    Orc (0/1) D:8
  Swamp: Lair:2-4    Shoals: Lair:2-4     Snake: Lair:2-4    Spider: Lair:2-4

Altars:
Ashenzari
Cheibriados
Dithmenos
Elyvilon
Fedhas
Gozag
Hepliaklqana
Kikubaaqudgha
Lugonu
Makhleb
Nemelex Xobeh
Okawaru
Qazlal
Ru
Sif Muna
Trog
Uskayaw
Vehumet
Wu Jian
Xom
Yredelemnul
Zin
The Shining One

Shops:
D:8 *

Annotations:
D:4 3 runed translucent doors, lastchild's ghost, amateur HuAc
D:5 1 runed translucent door, SansUndertale's ghost, amateur NaFi


Innate Abilities, Weirdness & Mutations

You are resistant to torment.
Your stone body is resilient. (AC +8)
You are immune to poison.
You resist negative energy. (rN+)
You are resistant to electric shocks. (rElec)
You are less affected by unholy pain and torment.
You can survive without breathing.
You are immune to petrification.
You are immune to rotting.


Message History

The vampire mosquito bites you but does no damage.
The yak gores you but does no damage. The yak gores you.
* * * LOW HITPOINT WARNING * * *
The torpor snail misses you.
You feel better.
The vampire mosquito completely misses you.
The vampire mosquito closely misses you.
The yak gores you but does no damage. The yak misses you.
The vampire mosquito bites you.
* * * LOW HITPOINT WARNING * * *
The yak misses you. The yak closely misses you.
You block the torpor snail's attack. The yak barely misses you.
You feel better.
The vampire mosquito bites you but does no damage.
You block the vampire mosquito's attack.
A crocodile comes into view.
The yak gores you but does no damage. The yak misses you. The yak gores you!
* * * LOW HITPOINT WARNING * * *
The vampire mosquito barely misses you. The torpor snail bites you!
You die...

.#.... . #......
.. #...... .%.
#.... ..... #...
#..... ##.# .
#...###l.##+#+..
#..YY@yl........
##.YYYw≈........
#.YYHH≈≈≈≈.....
#.≈≈≈≈≈b≈≈≈....
##.≈≈≈≈≈≈≈≈≈≈...
..≈Y≈≈..≈≈≈≈....
.!..≈≈≈.<.≈≈≈≈##.
....≈≈≈≈.≈≈≈≈.≈#
...≈≈≈≈≈≈≈≈≈.##


You could see a torpor snail, a komodo dragon, 2 hippogriffs, 8 yaks, a wyvern
and a vampire mosquito.

Vanquished Creatures
  2 hydras
  A two-headed ogre (D:9)
  A tengu warrior (D:7)
  A centaur warrior (D:9)
  An elephant (D:9)
  A black mamba (Lair:1)
  A gargoyle (D:10)
  2 cane toads (Lair:1)
  A tengu conjurer (D:10)
  3 komodo dragons (Lair:1)
  A freezing wraith (D:7)
  A dryad (D:9)
  2 hornets
  5 trolls
  A harpy skeleton (D:10)
  5 blink frogs (Lair:1)
  6 hippogriffs
  A spriggan (D:7)
  12 yaks
  A basilisk (Lair:1)
  A steam dragon (D:6)
  4 crocodiles
  An acid dragon (D:10)
  3 water moccasins
  2 porcupines (Lair:1)
  A soldier ant (D:9)
  7 orc warriors
  2 ice beasts
  2 sky beasts (D:7)
  4 black bears
  A hornet zombie (D:9)
  2 phantoms
  A necrophage (D:7)
  5 ogres
  11 wolves (Lair:1)
  5 bullfrogs
  5 kobold brigands
  A gnoll sergeant (D:8)
  A wyvern zombie (D:10)
  3 centaurs
  2 scorpions
  A statue (D:9)
  A howler monkey (D:5)
  6 wights
  6 orc priests
  4 crimson imps
  A quasit (D:8)
  3 bullfrog skeletons
  4 hounds
  3 jellies
  4 orc wizards
  Natasha (thrice) (D:4)
  An iguana (D:7)
  4 worker ants
  A hound skeleton (D:4)
  A howler monkey zombie (D:9)
  4 gnolls (D:8)
  4 river rats (Sewer)
  15 adders
  3 shadow imps
  An adder skeleton (D:5)
  An adder zombie (D:6)
  7 worms
  A dart slug (D:1)
  9 leopard geckos
  37 orcs
  6 bats
  5 giant cockroaches
  6 goblins
  12 hobgoblins
  8 jackals (D:3)
  11 kobolds
  3 quokkas
  13 ball pythons
  5 frilled lizards
  A jackal skeleton (D:6)
  A quokka zombie (D:6)
  33 rats
342 creatures vanquished.

Vanquished Creatures (others)
  Eustachio (D:4)
  A fungus (Lair:1)
2 creatures vanquished.

Grand Total: 344 creatures vanquished

Notes
Turn   | Place    | Note
-------+----------+-------------------------------------------
     0 | D:1      | Lazarus1551 the Gargoyle Earth Elementalist began the quest
                  | for the Orb.
     0 | D:1      | Reached XP level 1. HP: 10/10 MP: 3/3
    59 | D:1      | Reached XP level 2. HP: 15/15 MP: 0/5
   450 | D:1      | Reached XP level 3. HP: 13/19 MP: 6/6
  1174 | D:2      | Found a faded altar of an unknown god.
  1416 | D:2      | Reached XP level 4. HP: 17/24 MP: 5/7
  2010 | D:2      | Found an iron altar of Okawaru.
  2010 | D:2      | Found a faded altar of an unknown god.
  2017 | D:2      | Found a faded altar of an unknown god.
  2023 | D:2      | Found a burning altar of Makhleb.
  2024 | D:2      | Found a sparkling altar of Nemelex Xobeh.
  2529 | D:3      | Reached XP level 5. HP: 24/28 MP: 6/8
  2954 | D:4      | Noticed Eustachio
  2987 | D:4      | Found a runed translucent gate.
  2987 | D:4      | Found a runed translucent gate.
  2998 | D:4      | Found a runed translucent gate.
  2999 | D:4      | Noticed lastchild's ghost (amateur HuAc)
  3001 | D:4      | Identified the +1 ring mail "Huxket" {rC+ Str+4 Int+2}
  3052 | D:4      | Noticed Natasha
  3061 | D:4      | Killed Natasha
  3096 | D:4      | Noticed a bullfrog
  3099 | D:4      | Noticed Natasha
  3101 | D:4      | Killed a bullfrog
  3102 | D:4      | Reached skill level 3 in Spellcasting
  3102 | D:4      | Reached skill level 5 in Earth Magic
  3102 | D:4      | Reached XP level 6. HP: 33/33 MP: 6/10
  3104 | D:4      | Killed Natasha
  3121 | D:4      | Got a fading long sword
  3125 | D:4      | Identified the +5 long sword "Farawoul" {holy, rN+ MR+
                  | Str+3} (You found it on level 4 of the Dungeon)
  3228 | D:4      | Found a staircase to the Ecumenical Temple.
  3253 | D:4      | Noticed a phantom
  3269 | Temple   | Entered the Ecumenical Temple
  3507 | D:4      | Killed a phantom
  3508 | D:4      | Reached skill level 1 in Fighting
  3625 | D:4      | Noticed Natasha
  3631 | D:4      | Killed Natasha
  3865 | D:4      | Killed Eustachio
  3866 | D:4      | Reached skill level 1 in Long Blades
  3866 | D:4      | Reached skill level 4 in Spellcasting
  3866 | D:4      | Reached XP level 7. HP: 12/38 MP: 11/13
  4358 | D:4      | Found a roughly hewn altar of Beogh.
  4445 | D:5      | Entered Level 5 of the Dungeon
  4822 | D:5      | Found a runed translucent door.
  4826 | D:5      | Noticed SansUndertale's ghost (amateur NaFi)
  4877 | D:5      | Reached skill level 5 in Spellcasting
  4877 | D:5      | Reached XP level 8. HP: 31/43 MP: 12/15
  5077 | D:5      | Found a glowing drain.
  5081 | Sewer    | Entered a sewer
  5252 | Sewer    | Learned a level 2 spell: Song of Slaying
  6122 | D:6      | Reached skill level 1 in Charms
  6147 | D:6      | Learned a level 3 spell: Ozocubu's Armour
  6150 | D:6      | Learned a level 2 spell: Passwall
  6199 | D:6      | Reached skill level 1 in Transmutations
  6299 | D:6      | Reached skill level 6 in Spellcasting
  6332 | D:6      | Reached XP level 9. HP: 32/49 MP: 15/18
  6444 | D:6      | Found a glowing golden altar of the Shining One.
  6445 | D:6      | Found a white marble altar of Elyvilon.
  6449 | D:6      | Found a glowing silver altar of Zin.
  6460 | D:6      | Became a worshipper of the Shining One
  6847 | D:7      | Noticed a freezing wraith
  6852 | D:7      | Killed a freezing wraith
  6910 | D:7      | Reached skill level 7 in Spellcasting
  7061 | D:7      | Learned a level 2 spell: Swiftness
  7065 | D:7      | Learned a level 3 spell: Stone Arrow
  7138 | D:7      | Noticed a troll
  7145 | D:7      | Killed a troll
  7330 | D:7      | Noticed a tengu warrior
  7339 | D:7      | HP: 1/49 [tengu warrior/+0 great sword (4)]
  7345 | D:7      | Killed a tengu warrior
  7346 | D:7      | Reached skill level 5 in Dodging
  7346 | D:7      | Reached skill level 8 in Spellcasting
  7346 | D:7      | Reached XP level 10. HP: 51/54 MP: 1/22
  8321 | D:8      | Reached * piety under the Shining One
  8680 | D:8      | Reached skill level 9 in Spellcasting
  8683 | D:8      | Reached skill level 5 in Transmutations
  8779 | D:8      | Learned a level 5 spell: Lee's Rapid Deconstruction
  8811 | D:8      | Found a staircase to the Orcish Mines.
  9014 | D:8      | Noticed a death knight
  9261 | D:8      | Reached XP level 11. HP: 49/60 MP: 14/24
  9459 | D:8      | Found Utucimm's General Store.
  9467 | D:8      | Bought a potion of degeneration for 12 gold pieces
  9543 | D:8      | Found a radiant altar of Vehumet.
  9565 | D:8      | Learned a level 3 spell: Spectral Weapon
  9570 | D:8      | Learned a level 4 spell: Petrify
  9613 | D:8      | HP: 2/60 [death knight/+3 halberd (20)]
 10186 | D:9      | Reached skill level 1 in Ice Magic
 10215 | D:9      | Noticed a centaur warrior
 10222 | D:9      | Killed a centaur warrior
 10260 | D:9      | Found a staircase to the Lair.
 10298 | D:9      | Reached skill level 10 in Spellcasting
 10432 | D:9      | Reached ** piety under the Shining One
 10675 | D:9      | Noticed a two-headed ogre
 10685 | D:9      | Killed a two-headed ogre
 10829 | D:9      | Reached skill level 1 in Conjurations
 11188 | D:10     | Entered Level 10 of the Dungeon
 11406 | D:10     | Noticed an eight-headed hydra
 11415 | D:10     | Killed a nine-headed hydra
 11538 | D:10     | Noticed a tengu warrior
 11540 | D:10     | Noticed a cyan ugly thing
 11616 | Lair:1   | Entered Level 1 of the Lair of Beasts
 11657 | Lair:1   | Reached XP level 12. HP: 65/66 MP: 26/26
 11681 | Lair:1   | Reached skill level 11 in Spellcasting
 11681 | Lair:1   | Reached skill level 1 in Invocations
 12679 | Lair:2   | Noticed a six-headed hydra
 12689 | Lair:2   | Killed a seven-headed hydra
 13221 | Lair:3   | HP: 3/68 [yak (3)]
 13223 | Lair:3   | Mangled by a torpor snail

Skill      XL: |  1  2  3  4  5  6  7  8  9 10 11 12 |
---------------+-------------------------------------+-----
Earth Magic    | 4 5 6 7 8 9 |  9.4
Dodging        | 2 3 4 5 6 |  6.6
Stealth        | 3 4 |  4.0
Spellcasting   | 3 4 5 6 8 9 10 11 | 11.8
Fighting       | 1 2 3 4 |  4.9
Long Blades    | 1 3 |  3.1
Charms         | 1 2 3 4 |  4.4
Transmutations | 1 3 5 6 |  6.7
Ice Magic      | 1 2 |  2.3
Conjurations   | 1 2 |  2.0
Invocations    | 1 |  1.2
Throwing       | |  0.5
Unarmed Combat | |  1.8
Evocations     | |  0.3

Action                   |  1- 3 |  4- 6 |  7- 9 | 10-12 || total
-------------------------+-------+-------+-------+-------++-------
Melee: Unarmed           |   221 |   158 |       |       ||   379
       Punch             |     2 |       |       |     6 ||     8
       Long sword        |       |    45 |   263 |   406 ||   714
Throw: Stone             |       |       |     3 |     3 ||     6
       Tomahawk          |       |       |       |    14 ||    14
 Cast: Sandblast         |     9 |    47 |    59 |    15 ||   130
       Song of Slaying   |       |       |    10 |    21 ||    31
       Passwall          |       |       |     1 |       ||     1
       Stone Arrow       |       |       |     3 |    61 ||    64
       Ozocubu's Armour  |       |       |     2 |    51 ||    53
       Lee's Rapid Decon |       |       |       |    27 ||    27
       Swiftness         |       |       |       |     2 ||     2
       Petrify           |       |       |       |     1 ||     1
       Spectral Weapon   |       |       |       |     1 ||     1
Invok: Divine Shield     |       |       |       |     9 ||     9
Evoke: Wand              |       |       |     1 |     5 ||     6
  Use: Scroll            |       |     4 |     2 |    12 ||    18
       Potion            |       |       |     5 |    10 ||    15
 Stab: Sleeping          |     7 |     4 |     2 |       ||    13
  Eat: Chunk             |     7 |    11 |    20 |    37 ||    75
       Ration            |       |       |     1 |     1 ||     2
Armor: Robe              |    76 |    95 |   192 |   257 ||   620
Dodge: Dodged            |   149 |   134 |   297 |   449 ||  1029
Block: Other             |       |       |    43 |   145 ||   188
